 Dungeon Crawl Stone Soup version 0.29-a0-121-g8efb068a30 (webtiles) character file.

Game seed: 6542058927341041743

96 Anathary the Chopper (level 4, -1/36 HPs)
             Began as a Demonspawn Berserker on Feb 20, 2022.
             Was a Believer of Trog.
             Killed from afar by Sigmund (2 damage)
             ... with a magic dart
             ... on level 2 of the Dungeon.
             The game lasted 00:04:23 (1934 turns).

Anathary the Chopper (Demonspawn Berserker)         Turns: 1934, Time: 00:04:24

Health: -1/36      AC:  3    Str: 20    XL:     4   Next: 41%
Magic:  4/4        EV: 12    Int:  8    God:    Trog [**....]
Gold:   22         SH:  0    Dex: 12    Spells: 3/3 levels left

rFire   . . .      SeeInvis .   a - +0 hand axe
rCold   . . .      Faith    .   (no shield)
rNeg    . . .      Spirit   .   c - +0 leather armour
rPois   .          Reflect  .   (no helmet)
rElec   .          Harm     .   (no cloak)
rCorr   .          Rampage  .   (no gloves)
Will    .....                   (no boots)
Stlth   +.........              (no amulet)
HPRegen 0.12/turn               (no ring)
MPRegen 0.09/turn               (no ring)

@: no status effects
A: hooves 1, powered by death 1
a: Renounce Religion, Berserk, Trog's Hand


You were on level 2 of the Dungeon.
You worshipped Trog.
Trog was pleased with you.
You visited 1 branch of the dungeon, and saw 2 of its levels.

You collected 22 gold pieces.

Inventory:

Hand Weapons
 a - a +0 hand axe (weapon)
Armour
 c - a +0 leather armour (worn)
Scrolls
 b - a scroll of teleportation {unknown}
 e - a scroll of identify {unknown}
Potions
 d - 2 potions of curing {unknown}


   Skills:
 + Level 3.6 Fighting
 + Level 3.8 Axes
 + Level 2.3 Armour
 + Level 2.2 Dodging


You had 3 spell levels left.
You didn't know any spells.
Your spell library was empty.

Dungeon Overview and Level Annotations

Branches:
Dungeon (2/15)

Altars:

Annotations:
D:2 Sigmund


Innate Abilities, Weirdness & Mutations

You have large cloven feet.
You regenerate a little health from kills.


Message History

Trog accepts your kill.
Things that are here:
a +0 short sword; a kobold corpse A worm and a hobgoblin come into view.
Found 15 gold pieces.
The hobgoblin shouts!
A worm comes into view.
A bat comes into view.
Sigmund the Dreaded comes into view.
He is wielding a +0 scythe.
Sigmund gestures wildly while chanting.
Sigmund flickers and vanishes!
Deactivating autopickup; reactivate with Ctrl-A.
An adder comes into view.
You hit the hobgoblin.
You kick the hobgoblin, but do no damage.
The hobgoblin is lightly wounded.
The hobgoblin barely misses you. x2
You closely miss the hobgoblin. Your kick misses the hobgoblin.
Something hits you! The hobgoblin hits you.
You hit the hobgoblin.
You kill the hobgoblin!
Trog accepts your kill. Something hits you but does no damage.
You see here a hobgoblin corpse.
The adder hisses angrily.
Something hits you.
A magic dart appears from out of thin air!
The magic dart hits you. Something hits you.
You see here a hobgoblin corpse.
You miss something.
You hear some strange, mumbled words.
A puff of flame appears from out of thin air!
The puff of flame hits you.
You barely miss something. Something hits you!
* * * LOW HITPOINT WARNING * * *
You hit something but do no damage.
You hear some strange, mumbled words.
A magic dart appears from out of thin air!
The magic dart hits you.
You die...

# #.w.....#
.
{##...$...#
#####....
.........#
.........
#.......#
.#####.##
#.......#
##
#..wbS..#
#w# #{# #@#
#.# .# #.#
#.# #.# #.#
#. ##.# ..
#..# #.
#.##


You could see 2 worms, an adder and a bat.

Vanquished Creatures
  Jessica (D:2)
  3 adders (D:2)
  A worm (D:2)
  A dart slug (D:1)
  3 ball pythons
  3 endoplasms (D:1)
  2 giant cockroaches
  4 goblins
  4 hobgoblins
  6 kobolds
  A quokka (D:1)
  6 bats
  A rat (D:2)
36 creatures vanquished.

Notes
Turn   | Place    | Note
-------+----------+-------------------------------------------
     0 | D:1      | Anathary the Demonspawn Berserker began the quest for the
                  | Orb.
     0 | D:1      | Reached XP level 1. HP: 18/18 MP: 1/1
   259 | D:1      | Gained mutation: You have large cloven feet. [demonic
                  | ancestry]
   259 | D:1      | Reached XP level 2. HP: 23/24 MP: 2/2
   868 | D:1      | You fall into a shaft and drop 1 floor!
  1046 | D:2      | Reached XP level 3. HP: 24/29 MP: 3/3
  1052 | D:2      | Reached ** piety under Trog
  1354 | D:2      | Noticed Jessica
  1360 | D:2      | Killed Jessica
  1361 | D:2      | Gained mutation: You regenerate a little health from kills.
                  | [demonic ancestry]
  1361 | D:2      | Reached XP level 4. HP: 29/36 MP: 4/4
  1918 | D:2      | Noticed Sigmund
  1933 | D:2      | HP: 1/36 [something (11)]
  1934 | D:2      | Killed from afar by Sigmund

Illustrated notes

Levels and vault maps discovered:
D:1:      amcnicky_arrival_underground_garden, layout_loops_corners,
          minmay_misc_feat_iff
D:2:      minmay_general_purpose_star, layout_rooms,
          dreamdust_ecumenical_altar_statues, uniq_sigmund,
          uniq_crazy_yiuf_cottage, uniq_jessica

Skill      XL: |  1  2 |
---------------+-------+-----
Axes           | 3 |  3.8
Armour         | 2 |  2.3
Dodging        | 2 |  2.2
Fighting       | |  3.6

Action                   |  1- 3 |  4- 6 || total
-------------------------+-------+-------++-------
Melee: Hand axe          |    64 |    41 ||   105
       Kick              |    13 |    14 ||    27
Armor: Animal skin       |     9 |       ||     9
       Leather armour    |    12 |     9 ||    21
Dodge: Dodged            |    52 |    26 ||    78

Table legend: (Time is in decaauts)
 A = Elapsed time spent in this place.
 B = Non-inter-level travel time spent in this place.
 C = Inter-level travel time spent in this place.
 D = Time resting spent in this place.
 E = Time spent auto-exploring this place.
 F = Levels seen in this place.
 G = Mean time per level.
                   A        B        C        D        E       F      G
               +--------+--------+--------+--------+--------+-----+--------+
         Total |   1950 |   1940 |     10 |    750 |    705 |   2 |  975.0 |
       Dungeon |   1950 |   1940 |     10 |    750 |    705 |   2 |  975.0 |
               +--------+--------+--------+--------+--------+-----+--------+

Top non-repeatable levels by time:
     D:1: 1194 daAuts
     D:2: 756 daAuts
